 Dungeon Crawl Stone Soup version 0.15-a0-7-g583097f (webtiles) character file.

92095 HenryFlower the Stickfighter (level 15, -16/134 HPs)
             Began as a Minotaur Gladiator on Mar 29, 2014.
             Was the Champion of Trog.
             Killed from afar by an ice dragon (47 damage)
             ... with a blast of cold
             ... on Level 15 of the Dungeon on Mar 30, 2014.
             The game lasted 01:44:57 (40148 turns).

HenryFlower the Stickfighter (Minotaur Gladiator)  Turns: 40148, Time: 01:44:58

HP -16/134       AC 29     Str 21      XL: 15   Next: 49%
MP   6/6         EV 13     Int  5      God: Trog [******]
Gold 2458        SH  0     Dex 16      Spells:  0 memorised, 14 levels left

rFire  . . .     SeeInvis .     a - +7 lajatang of Order {silver, rMut}
rCold  . . .     Clarity  .     b - +4 plate armour
rNeg   . . .     Conserve +     (no shield)
rPois  +         rCorr    .     c - +2 hat
rElec  .         rRot     .     n - -1 cloak
SustAb . .       Spirit   .     S - -1 pair of gloves
rMut   +         Warding  .     (no boots)
Saprov . . .     Stasis   .     h - amulet of conservation
MR     +....                    v - ring of poison resistance
                                H - +4 ring of protection

@: about to teleport, slowed, very slow, somewhat resistant to hostile
enchantments, extremely unstealthy
A: retaliatory headbutt, horns 2
a: Burn Spellbooks, Berserk, Trog's Hand, Brothers in Arms, Renounce Religion


You were on level 15 of the Dungeon.
You worshipped Trog.
Trog was exalted by your worship.
You were hungry.

You visited 3 branches of the dungeon, and saw 27 of its levels.
You also visited: Sewer and Bailey.

You collected 3060 gold pieces.
You spent 602 gold pieces at shops.

Inventory:

Hand weapons
 a - the +7,+7 lajatang of Order (weapon) {silver, rMut}
   (You acquired it on level 10 of the Dungeon)
 e - a +2,+0 quarterstaff of crushing
 t - the +3,+5 arc blade {discharge, rElec}
   (Trog gifted it to you on level 1 of the Orcish Mines)

   It insulates you from electricity.
Missiles
 d - 6 throwing nets
 u - 12 tomahawks of returning (quivered)
 N - 3 curare-tipped needles
Armour
 b - a +4 plate armour (worn)
 c - a +2 hat (worn)
 n - a -1 cloak (worn)
 S - a -1 pair of gloves (worn)
 Z - a fire dragon hide
Magical devices
 k - a wand of fireball (4)
 l - a wand of magic darts (5)
 x - a wand of confusion (4)
 z - a wand of heal wounds (1)
 F - a wand of fireball (1)
 G - a wand of draining (4)
 R - a wand of hasting (7)
 U - a wand of cold (6)
 X - a wand of polymorph (17)
Comestibles
 i - 3 meat rations
 D - 3 cheeses
 P - 7 bananas
 V - 4 strawberries
 W - 3 rotting chunks of sheep flesh
Scrolls
 p - 11 scrolls of remove curse
 w - 4 scrolls of blinking
 y - 2 scrolls of teleportation
 M - 4 scrolls of magic mapping
 O - 4 scrolls of fear
 Q - a scroll of fog
Jewellery
 h - an amulet of conservation (around neck)
 j - an uncursed ring of protection from magic
 m - an uncursed ring of flight
 q - an uncursed amulet of guardian spirit
 v - a ring of poison resistance (right hand)
 H - a +4 ring of protection (left hand)
 I - an uncursed ring of protection from fire
 J - an uncursed ring of invisibility
 K - an uncursed amulet of stasis
 Y - an uncursed ring of teleportation
Potions
 g - 2 potions of magic
 o - 2 potions of brilliance
 s - 4 potions of haste
 B - 2 potions of invisibility
 C - 2 potions of restore abilities
 L - 5 potions of curing
 T - 2 potions of agility
Miscellaneous
 A - a phial of floods
Rods
 f - a cursed +2 rod of shadows (12/12)
   (You found it on level 15 of the Dungeon)
 r - a -3 rod of destruction (11/11)
   (You bought it in a shop on level 4 of the Orcish Mines)
 E - a +6 rod of clouds (9/9)
   (You found it on level 8 of the Lair of Beasts)


   Skills:
 - Level 12.3 Fighting
 - Level 17.0 Staves
   Level 5.5 Bows
 - Level 2.0 Throwing
 + Level 16.8 Armour
 + Level 15.9 Dodging


You had 14 spell levels left.
You didn't know any spells.

Dungeon Overview and Level Annotations

Branches:
Dungeon (15/15)            Temple (0/1) D:7             Orc (4/4) D:10
    Elf (0/3) Orc:3          Lair (8/8) D:8           Swamp (0/5) Lair:6
 Spider (0/5) Lair:3        Slime (0/6) Lair:6       Vaults (0/5) D:14
 Depths: D:15

Altars:
Ashenzari
Cheibriados
Elyvilon
Kikubaaqudgha
Makhleb
Okawaru
Sif Muna
Trog
Vehumet
Xom

Shops:
D:7 }   D:8 (   Orc:1 %   Orc:4 ![*:*

Portals:
Hell: Lair:8


Innate Abilities, Weirdness & Mutations

You reflexively headbutt those who attack you in melee.
You have a pair of horns on your head.


Message History

Okay, then.
Read which item? (? for menu, Esc to quit)
As you read the scroll of teleportation, it crumbles to dust.
You feel strangely unstable. The ice dragon closely misses you.
The ice dragon claws you.
* * * LOW HITPOINT WARNING * * *
The ice dragon tramples you but does no damage.
Evoke which item? (* to show all) (? for menu, Esc to quit)
Zapping:
z - a wand of heal wounds (2)
Press: ? - help, Shift-Dir - straight line, f - you You feel much better.
This wand has 1 charge left.
The ice dragon misses you.
The ice dragon claws you but does no damage.
The ice dragon tramples you but does no damage.
The ice dragon bites you!
* * * LOW HITPOINT WARNING * * *
The ice dragon misses you. The ice dragon closely misses you.
The ice dragon breathes frost at you.
The blast of cold hits the ice dragon.
The ice dragon resists.
The blast of cold hits you!
You die...

#(..)..(......#
##..###......##
##.# ######.#
#.# #.# #.#####
#.# #.....# #.#
#####.# #.#
#.####.#####
#.))%)DD@..#
##.###.###.#
#.# #.# # ...
#.# ....?###
#..8.## ##..D#
##... ###


You could see 2 ice dragons.

Vanquished Creatures
  Rupert (Lair:5)
  The ghost of Fault the Severer, a powerful MiFi of Makhleb (Orc:4)
  Snorg (Lair:5)
  2 fire dragons (D:14)
  A vault guard (D:14)
  The ghost of tedric the Cruncher, a powerful DDNe of Makhleb (Orc:1)
  Nessos (Orc:3)
  5 hydras
  Erica (Lair:4)
  5 death yaks
  An ogre mage (D:15)
  3 orc high priests (Orc:4)
  2 centaur warriors
  5 skeletal warriors (D:11)
  A hell beast (Lair:8)
  A swamp dragon (Lair:6)
  An unseen horror (D:10)
  A wizard (Lair:8)
  5 hill giants
  The ghost of nimitz the Basher, an experienced DgMo (D:8)
  A manticore (D:12)
  6 orc knights
  4 orc sorcerers
  3 cyclopes
  4 elephants (Lair:8)
  A griffon (D:15)
  3 orange demons (Lair:8)
  6 black mambas
  A smoke demon (Orc:4)
  A gargoyle (D:7)
  2 feature mimics
  A queen ant (Lair:3)
  16 spiny frogs
  An item mimic (D:11)
  An efreet (D:14)
  3 blue devils
  7 fire drakes
  A hellwing (Lair:8)
  5 trolls
  A wandering mushroom (Lair:7)
  7 komodo dragons
  4 boggarts (D:15)
  2 polar bears
  2 red devils (Lair:8)
  A slime creature (D:15)
  A two-headed ogre (D:14)
  A grizzly bear (Lair:3)
  29 blink frogs
  A baby alligator (Lair:6)
  3 basilisks
  2 boulder beetles
  A deep elf mage (D:10)
  A formicid (shapeshifter) (D:15)
  4 trapdoor spiders (Lair:5)
  2 water elementals (D:14)
  A hill giant zombie (D:14)
  38 yaks
  20 ugly things
  2 elephant slugs (Lair:7)
  6 vampire mosquitoes (D:14)
  10 hippogriffs
  3 hungry ghosts
  A deep elf fighter (D:14)
  A centaur simulacrum (D:14)
  2 nagas (Lair:3)
  5 soldier ants (Lair:3)
  2 hell hounds (Lair:8)
  A red wasp simulacrum (D:14)
  16 wolves
  16 porcupines
  16 water moccasins
  2 wargs
  8 spiders (Lair:3)
  A yellow wasp (D:9)
  2 mottled dragons
  Purgy (Sewer)
  20 orc warriors
  2 sky beasts
  10 ice beasts
  A boring beetle (Lair:6)
  4 giant goldfish
  13 ogres
  Duvessa (D:8)
  3 big kobolds (D:8)
  21 crocodiles
  3 centaurs
  15 giant slugs
  A brain worm (D:15)
  12 giant frogs
  A hell hound zombie (Lair:8)
  A cyclops zombie (D:12)
  2 komodo dragon skeletons
  4 scorpions
  An eye of draining (D:14)
  4 wights (D:9)
  22 killer bees
  A troll skeleton (D:13)
  3 electric eels
  Dowan (D:8)
  4 crimson imps
  A two-headed ogre zombie (D:12)
  2 centaur skeletons
  A giant frog zombie (D:11)
  2 quasits
  A big fish (D:14)
  20 orc priests
  9 hounds
  6 jellies
  29 worker ants
  23 orc wizards
  11 iguanas
  38 sheep
  A cyclops simulacrum (D:14)
  A shapeshifter simulacrum (D:14)
  A big kobold skeleton (D:9)
  29 adders
  2 gnolls (Bailey)
  2 scorpion zombies
  45 green rats
  2 shadow imps
  6 giant mites
  3 white imps (D:14)
  A mottled dragon simulacrum (D:14)
  8 worms
  A goliath beetle zombie (D:9)
  An ufetubus (D:14)
  A sheep zombie (Lair:8)
  2 giant eyeballs
  9 giant geckos
  175 orcs
  22 bats
  A bat skeleton (D:8)
  39 goblins
  25 hobgoblins
  20 jackals
  An ooze (D:4)
  9 quokkas
  3 ball pythons
  4 giant cockroaches
  9 giant newts
  A giant newt skeleton (D:4)
  A giant spore (D:14)
  A goblin zombie (D:5)
  A hobgoblin skeleton (D:4)
  34 kobolds
  A kobold skeleton (D:5)
  A kobold zombie (D:6)
  3 orc skeletons
  22 rats
  A rat zombie (D:8)
  3 fungi
  A plant (Lair:8)
1109 creatures vanquished.

Vanquished Creatures (collateral kills)
  Maud (Lair:8)
  A giant slug (Lair:8)
  A sheep (D:8)
3 creatures vanquished.

Vanquished Creatures (others)
  A water elemental (D:14)
  A deep elf fighter (D:14)
  An orc priest (Orc:4)
  A white imp (D:14)
  A ballistomycete (D:14)
  A bush (D:8)
  9 fungi
  4 plants
19 creatures vanquished.

Grand Total: 1131 creatures vanquished

Notes
Turn   | Place    | Note
--------------------------------------------------------------
     0 | D:1      | HenryFlower, the Minotaur Gladiator, began the quest for the Orb.
     0 | D:1      | Reached XP level 1. HP: 18/18 MP: 1/1
    95 | D:1      | Reached skill level 4 in Staves
   185 | D:1      | Reached XP level 2. HP: 23/25 MP: 1/1
   623 | D:1      | Reached skill level 5 in Staves
  1032 | D:2      | Reached XP level 3. HP: 22/30 MP: 2/2
  2245 | D:2      | Reached skill level 6 in Staves
  2245 | D:2      | Reached XP level 4. HP: 33/37 MP: 2/2
  2494 | D:3      | Found a shimmering altar of Xom.
  3003 | D:3      | Reached skill level 7 in Staves
  3003 | D:3      | Reached XP level 5. HP: 10/42 MP: 1/2
  3836 | D:3      | Found a white marble altar of Elyvilon.
  3837 | D:3      | Found a snail-covered altar of Cheibriados.
  3849 | D:3      | Reached skill level 8 in Staves
  3875 | D:3      | Found an iron altar of Okawaru.
  3876 | D:3      | Found a radiant altar of Vehumet.
  4061 | D:3      | Found a bloodstained altar of Trog.
  4102 | D:3      | Became a worshipper of Trog the Wrathful
  4375 | D:4      | Reached XP level 6. HP: 48/50 MP: 3/3
  4522 | D:4      | Acquired Trog's first power
  4879 | D:5      | Entered Level 5 of the Dungeon
  4901 | D:5      | Reached skill level 9 in Staves
  5363 | D:5      | Acquired Trog's second power
  5559 | D:6      | Found a glowing drain.
  5563 | Sewer    | Entered a sewer
  5709 | Sewer    | Noticed Purgy
  5718 | Sewer    | Killed Purgy
  5718 | Sewer    | Reached XP level 7. HP: 56/56 MP: 3/3
  5839 | D:6      | Reached skill level 10 in Staves
  6093 | D:6      | Found a shattered altar of Ashenzari.
  6566 | D:6      | Found a deep blue altar of Sif Muna.
  6589 | D:6      | Reached skill level 11 in Staves
  6756 | D:7      | Noticed a troll
  6772 | D:7      | Killed a troll
  6772 | D:7      | Reached XP level 8. HP: 62/62 MP: 2/3
  6802 | D:7      | Found Stiash's Gadget Shoppe.
  6878 | D:7      | Noticed a gargoyle
  6880 | D:7      | Reached skill level 12 in Staves
  6909 | D:7      | Killed a gargoyle
  7158 | D:7      | Reached skill level 1 in Armour
  7504 | D:7      | Paralysed by a giant eyeball for 2 turns
  7567 | D:7      | Found a staircase to the Ecumenical Temple.
  7781 | D:7      | Reached XP level 9. HP: 55/73 MP: 4/4
  8096 | D:8      | Reached skill level 5 in Fighting
  8280 | D:8      | Found Vuoniog's Weapon Boutique.
  8295 | D:8      | Reached skill level 5 in Armour
  8312 | D:8      | Found a staircase to the Lair.
  8571 | D:8      | Acquired Trog's third power
  8581 | D:8      | Noticed Duvessa
  8581 | D:8      | Noticed Dowan
  8600 | D:8      | Killed Duvessa
  8606 | D:8      | Killed Dowan
  8635 | D:8      | Noticed a centaur warrior
  8635 | D:8      | Noticed nimitz's ghost (experienced DgMo)
  8653 | D:8      | Killed nimitz's ghost
  8657 | D:8      | Killed a centaur warrior
  8657 | D:8      | Reached XP level 10. HP: 58/90 MP: 2/4
  9263 | D:8      | Noticed a three-headed hydra
  9272 | D:8      | Killed a three-headed hydra
  9440 | D:8      | Reached skill level 5 in Bows
  9794 | D:8      | Found an ancient bone altar of Kikubaaqudgha.
  9971 | Lair:1   | Entered Level 1 of the Lair of Beasts
  9981 | Lair:1   | Reached skill level 13 in Staves
 10163 | Lair:1   | Noticed a black mamba
 10179 | Lair:1   | Killed a black mamba
 10448 | Lair:1   | Found a labyrinth entrance.
 11047 | Lair:2   | Reached skill level 14 in Staves
 11188 | Lair:2   | Reached XP level 11. HP: 78/97 MP: 4/4
 11424 | Lair:2   | Received a gift from Trog
 11516 | Lair:2   | Found an iron altar of Okawaru.
 11724 | Lair:2   | Reached skill level 10 in Fighting
 12728 | Lair:3   | Reached skill level 10 in Armour
 13096 | Lair:3   | Found a hole to the Spider Nest.
 13242 | Lair:3   | Found a staircase to the Snake Pit.
 13271 | Lair:3   | the staircase to the Snake Pit was a mimic.
 14708 | Lair:3   | Received a gift from Trog
 15555 | Lair:4   | Reached XP level 12. HP: 113/113 MP: 1/5
 15764 | Lair:3   | Reached skill level 5 in Dodging
 15872 | Lair:4   | Got a distressingly furry scale mail
 15890 | Lair:4   | Identified the cursed +1 scale mail of Disaster {Dex-5 Int-3} (You found it on level 4 of the Lair of Beasts)
 16056 | Lair:4   | Noticed Erica
 16075 | Lair:4   | Killed Erica
 17516 | Lair:5   | Noticed Rupert
 17535 | Lair:5   | Killed Rupert
 18068 | Lair:5   | Noticed Snorg
 18081 | Lair:5   | Killed Snorg
 18272 | Lair:5   | Reached skill level 10 in Dodging
 18877 | Lair:5   | Found a hole to the Spider Nest.
 19053 | Lair:5   | Received a gift from Trog
 20107 | Lair:5   | the hole to the Spider Nest was a mimic.
 20114 | Lair:5   | Reached XP level 13. HP: 111/119 MP: 1/5
 20967 | Lair:6   | Found a staircase to the Swamp.
 21384 | Lair:6   | Found a staircase to the Slime Pits.
 21933 | Lair:7   | Received a gift from Trog
 22193 | Lair:7   | Upgraded the game from 0.14-a0-3538-g669f2b4 to 0.15-a0
 23069 | Lair:8   | Entered Level 8 of the Lair of Beasts
 24647 | Lair:8   | HP: 1/119 [boulder beetle (31)]
 25300 | Lair:8   | Received a gift from Trog
 25447 | Lair:8   | Noticed Maud
 25459 | Lair:8   | Killed Maud
 25837 | Lair:8   | Identified the Catalogue of Augmentations (You found it on level 8 of the Lair of Beasts)
 25955 | Lair:8   | Reached XP level 14. HP: 127/127 MP: 5/5
 26392 | Lair:8   | Reached skill level 15 in Armour
 26409 | Lair:8   | Found a burning altar of Makhleb.
 26491 | Lair:8   | HP: 3/127 [hell beast (9)]
 27881 | Lair:8   | Found a gateway to Hell.
 27898 | Lair:8   | Identified a +6 rod of clouds (9/9) (You found it on level 8 of the Lair of Beasts)
 28460 | D:9      | Received a gift from Trog
 28592 | D:9      | You fall through a shaft!
 28592 | D:10     | Entered Level 10 of the Dungeon
 28773 | D:10     | Identified a scroll of acquirement
 28787 | D:10     | Found a staircase to the Orcish Mines.
 30387 | D:11     | Reached skill level 15 in Staves
 30712 | D:12     | Found a deep blue altar of Sif Muna.
 30924 | D:12     | Received a gift from Trog
 31508 | Orc:1    | Entered Level 1 of the Orcish Mines
 31576 | Orc:1    | Noticed tedric's ghost (powerful DDNe)
 31594 | Orc:1    | Killed tedric's ghost
 31849 | Orc:1    | Found a flagged portal.
 31863 | Bailey   | Entered a bailey
 32078 | Bailey   | Received a gift from Trog
 32851 | Orc:2    | Received a gift from Trog
 32851 | Orc:2    | Reached skill level 16 in Staves
 32872 | Orc:2    | Got a dazzling lajatang {god gift}
 32873 | Orc:2    | Identified the +2,-1 lajatang of Glory {venom, rN+} (Trog gifted it to you on level 2 of the Orcish Mines)
 33855 | Orc:4    | Entered Level 4 of the Orcish Mines
 33891 | Orc:4    | Received a gift from Trog
 34050 | Orc:4    | Found Irefitat's Assorted Antiques.
 34662 | Orc:4    | Noticed Fault's ghost (powerful MiFi)
 34714 | Orc:4    | Killed Fault's ghost
 35193 | Orc:4    | Received a gift from Trog
 35253 | Orc:3    | Found a staircase to the Elven Halls.
 35255 | Orc:3    | Noticed Nessos
 35271 | Orc:3    | Killed Nessos
 35703 | Orc:4    | Reached XP level 15. HP: 134/134 MP: 6/6
 35742 | Orc:4    | Reached skill level 17 in Staves
 35963 | Orc:4    | Reached skill level 15 in Dodging
 35966 | Orc:4    | Found Wibribob's Distillery.
 35967 | Orc:4    | Found Widdoife's Antique Armour Boutique.
 35969 | Orc:4    | Found Jynoogon's Assorted Antiques.
 35969 | Orc:4    | Found Plaic's Book Boutique.
 35977 | Orc:4    | Bought a knobbly jewelled rod for 384 gold pieces
 35981 | Orc:4    | Bought a steaming chain mail for 218 gold pieces
 36002 | Orc:4    | Identified the cursed -8 chain mail of the Duchess {Dex+3 Acc+4} (You bought it in a shop on level 4 of the Orcish Mines)
 36015 | Orc:4    | Identified a -3 rod of destruction (11/11) (You bought it in a shop on level 4 of the Orcish Mines)
 36250 | Orc:4    | Upgraded the game from 0.15-a0 to 0.15-a0-7-g583097f
 36429 | Orc:1    | Found Erunonn's Food Emporium.
 36434 | Orc:1    | Received a gift from Trog
 39052 | D:14     | Found a gate to the Vaults.
 39777 | D:15     | Entered Level 15 of the Dungeon
 39908 | D:15     | Received a gift from Trog
 40148 | D:15     | Killed from afar by an ice dragon

Action                   |  1- 3 |  4- 6 |  7- 9 | 10-12 | 13-15 || total
-------------------------+-------+-------+-------+-------+-------++-------
Melee: Quarterstaff      |   119 |   251 |   265 |  1160 |  1021 ||  2816
       Lajatang          |       |       |       |       |  1122 ||  1122
 Fire: Longbow           |       |       |       |       |    19 ||    19
Throw: Tomahawk          |     6 |    18 |     7 |     1 |    23 ||    55
Invok: Berserk           |       |     1 |     3 |     4 |     4 ||    12
       Burn Spellbooks   |       |       |     1 |       |     2 ||     3
       Trog's Hand       |       |       |     1 |     2 |       ||     3
       Brothers in Arms  |       |       |       |     1 |     1 ||     2
Evoke: Wand              |       |     2 |    15 |     4 |    11 ||    32
       Rod               |       |       |       |       |     1 ||     1
  Use: Scroll            |     4 |    11 |     5 |    13 |    23 ||    56
       Potion            |       |     1 |    10 |     2 |     6 ||    19
 Stab: Confused          |       |       |     5 |       |       ||     5
